Map: [ESL] Hard Lead

Players

HeroMarine - Winner!

  • Race: Terran Terran
  • Spawn Location: 5:00

Reynor

  • Race: Zerg Zerg
  • League: Master
  • Spawn Location: 11:00

Event: HomeStory Cup XXIV

VOD

Have the link to the VOD?

Description

Time

  • Played on: Dec. 2, 2023, 4:03 p.m.
  • Length: 12:00

All games in this series

Show
View Real Time Build Order
Export as new Build Order

HeroMarine Terran - Winner!

Build Orders: Reaper Expand, Hellion Banshee 

Get SALT Encoding   

  12  0:00  SCV  
  13  0:12  SCV  
  14  0:17  Supply Depot  
  14  0:24  SCV  
  15  0:38  SCV  
  15  0:39  Barracks  
  16  0:43  Refinery  
  16  0:50  SCV  
  17  1:02  SCV  
  18  1:14  SCV  
  19  1:26  Reaper  
  19  1:27  Orbital Command  
  20  1:39  Command Center  
  20  1:47  Supply Depot  
  20  1:52  SCV  
  21  1:58  Marine  
  22  2:04  SCV  
  23  2:10  Factory  
  23  2:16  SCV  
  23  2:19  Barracks Reactor  
  24  2:28  SCV  
  25  2:41  SCV  
  25  2:42  Command Center  
  26  2:52  Orbital Command  
  26  2:53  SCV  
  27  2:59  Starport  
  27  3:05  SCV  
  28  3:07  Refinery  
  28  3:08  Hellion  
  28  3:11  Hellion  
  32  3:17  SCV  
  32  3:18  SCV  
  32  3:19  Barracks Tech Lab  
  34  3:29  SCV  
  34  3:30  Hellion, SCV  
  34  3:33  Hellion  
  40  3:41  SCV  
  40  3:42  Banshee, SCV  
  45  3:53  Hellion, SCV  
  45  3:54  Hellion, SCV  
  51  3:58  Orbital Command  
  51  4:01  Cloaking Field  
  51  4:03  Supply Depot  
  51  4:05  SCV  
  51  4:06  SCV  
  53  4:10  Marine  
  53  4:15  Hellion x2  
  58  4:17  SCV  
  58  4:18  SCV  
  58  4:24  SCV  
  61  4:25  Supply Depot  
  61  4:29  SCV  
  61  4:30  SCV  
  61  4:31  Banshee  
  63  4:36  Refinery  
  63  4:37  Refinery  
  68  4:41  Hellion  
  68  4:42  Factory  
  68  4:45  SCV  
  69  4:47  Hellion, Supply Depot  
  69  4:48  SCV x2  
  73  4:56  Supply Depot  
  73  4:59  SCV  
  74  5:00  SCV  
  74  5:03  Hellion, Factory, Barracks Tech Lab  
  74  5:05  Orbital Command  
  75  5:08  Hellion, Barracks Reactor  
  75  5:11  SCV  
  75  5:12  SCV  
  79  5:14  Banshee, Supply Depot  
  79  5:18  Hyperflight Rotors  
  82  5:23  SCV  
  82  5:24  Hellion, SCV  
  86  5:34  SCV  
  87  5:36  SCV x2  
  89  5:46  SCV  
  89  5:48  Factory Tech Lab, SCV x2  
  92  5:50  Cyclone x2  
  92  5:51  Cyclone x2  
  100  6:00  Refinery  
  100  6:01  Refinery  
  100  6:03  SCV, Supply Depot x3  
  101  6:17  Supply Depot  
  101  6:19  Supply Depot  
  101  6:24  Cyclone x5, SCV x3  
  114  6:26  Banshee  
  117  6:36  SCV x3  
  120  6:40  Armory x2  
  120  6:48  SCV x3  
  123  6:56  Cyclone x2  
  123  7:00  SCV x3  
  130  7:04  Command Center  
  121  7:13  SCV x3  
  121  7:14  Cyclone x3  
  120  7:25  SCV x3  
  120  7:28  Cyclone x2  
  127  7:37  SCV x3  
  121  7:44  Banshee  
  121  7:46  Cyclone x3  
  121  7:48  Infernal Pre-Igniter  
  121  7:49  Unknown, SCV x2  
  121  7:50  SCV  
  124  7:57  Factory  
  120  7:59  Factory  
  120  8:00  Cyclone  
  120  8:01  SCV x2  
  120  8:02  SCV, Cyclone  
  114  8:15  Terran Vehicle And Ship Armor Level 1, Terran Vehicle Weapons Level 1  
  114  8:16  SCV x2  
  114  8:17  SCV  
  114  8:18  Cyclone x2  
  121  8:24  Cyclone  
  113  8:30  SCV  
  113  8:31  SCV x2  
  113  8:33  Hellion  
  114  8:34  Hellion  
  114  8:41  Raven  
  114  8:42  Factory Reactor  
  114  8:43  Factory Reactor  
  114  8:44  SCV x3  
  119  8:50  Engineering Bay, Cyclone x2  
  121  8:56  Cyclone x2  
  121  8:57  Cyclone  
  121  8:59  Refinery x2  
  121  9:00  SCV  
  124  9:07  Factory  
  124  9:08  Factory  
  122  9:13  SCV  
  122  9:14  SCV  
  122  9:17  Planetary Fortress  
  119  9:22  Hellion  
  119  9:23  Cyclone x2  
  127  9:27  Hellion  
  127  9:28  Cyclone  
  129  9:32  Hellion x2  
  129  9:33  Command Center  
  129  9:36  Cyclone  
  129  9:38  SCV  
  136  9:40  Sensor Tower  
  136  9:41  Cyclone  
  136  9:44  Cyclone  
  140  9:50  Factory Tech Lab  
  140  9:52  Factory Tech Lab, Sensor Tower  
  140  9:55  Supply Depot  
  140  9:56  Supply Depot  
  140  9:57  Cyclone  
  140  9:58  Supply Depot  
  136  10:07  Cyclone  
  136  10:08  Cyclone  
  136  10:09  Hellion  
  136  10:10  Siege Tank  
  136  10:13  Hellion x2, Siege Tank  
  136  10:14  Hellion  
  142  10:16  Siege Tank  
  141  10:26  Cyclone  
  140  10:28  Missile Turret  
  140  10:34  Command Center  
  140  10:35  Cyclone  
  140  10:36  Refinery  
  140  10:39  Refinery  
  140  10:42  Siege Tank  
  145  10:45  Siege Tank  
  145  10:48  Siege Tank  
  145  10:49  SCV x4  
  155  10:53  Hellion  
  155  10:56  Hellion  
  159  10:58  Missile Turret  
  159  10:59  Hellion x2  
  159  11:01  SCV x2  
  159  11:02  Hellion  
  169  11:04  Hellion  
  169  11:05  Hellion  
  169  11:06  Planetary Fortress  
  169  11:08  Sensor Tower  
  169  11:09  Hellion, SCV  
  174  11:14  Siege Tank  
  177  11:19  Siege Tank  
  177  11:20  Command Center, Siege Tank  
  177  11:21  Raven  
  177  11:25  Cyclone x2  
  189  11:34  Hellion x2  
  189  11:38  Hellion x2  
Show
View Real Time Build Order
Export as new Build Order

Reynor Zerg 

Build Orders: Hatch First 

Get SALT Encoding   

  12  0:00  Drone  
  13  0:12  Overlord  
  13  0:16  Drone  
  14  0:30  Drone x2  
  16  0:47  Hatchery  
  15  0:51  Drone  
  15  0:54  Drone  
  17  0:57  Drone  
  18  1:08  Extractor  
  17  1:13  Spawning Pool  
  17  1:15  Drone  
  17  1:19  Drone  
  18  1:27  Drone  
  19  1:38  Drone  
  20  1:48  Overlord  
  20  1:59  Queen x2  
  20  2:00  Zergling x4  
  26  2:10  Drone x2  
  28  2:20  Drone  
  28  2:22  Drone  
  30  2:26  Spore Crawler  
  30  2:29  Spore Crawler  
  28  2:31  Metabolic Boost  
  28  2:35  Drone  
  30  2:39  Hatchery  
  30  2:41  Drone  
  30  2:44  Drone  
  32  2:48  Overlord  
  32  2:55  Queen  
  32  2:57  Drone  
  35  2:59  Drone  
  36  3:06  Queen  
  36  3:08  Drone  
  36  3:09  Drone  
  40  3:13  Overlord  
  40  3:15  Drone  
  40  3:18  Drone  
  40  3:19  Drone  
  43  3:23  Drone  
  44  3:30  Queen, Overlord  
  44  3:33  Drone  
  47  3:35  Drone  
  48  3:42  Queen  
  48  3:44  Drone  
  48  3:46  Drone  
  52  3:51  Queen, Drone  
  52  3:55  Overlord  
  55  3:57  Drone  
  55  4:02  Drone  
  57  4:03  Drone x2  
  57  4:04  Drone  
  57  4:06  Queen  
  57  4:08  Overlord  
  62  4:10  Drone  
  62  4:13  Drone x2  
  62  4:15  Drone x2  
  67  4:21  Lair  
  67  4:23  Zergling x6  
  70  4:24  Zergling x2  
  70  4:27  Overlord  
  70  4:30  Extractor  
  70  4:31  Zergling x4  
  72  4:32  Drone  
  73  4:39  Overlord  
  73  4:40  Drone  
  73  4:43  Overlord  
  73  4:44  Queen  
  76  4:45  Drone x2  
  76  4:46  Drone  
  76  4:48  Drone  
  76  4:50  Drone x2  
  76  4:52  Overlord  
  82  4:54  Spore Crawler  
  82  4:56  Spore Crawler  
  82  4:57  Spore Crawler  
  82  4:58  Zergling x2  
  82  4:59  Zergling x2  
  81  5:03  Drone x3  
  84  5:11  Drone x3  
  87  5:17  Drone x3  
  90  5:23  Overseer  
  90  5:26  Overlord  
  90  5:27  Drone x3  
  93  5:29  Queen  
  93  5:31  Zergling x4  
  96  5:36  Overlord  
  96  5:38  Drone x2  
  96  5:42  Drone x3  
  97  5:47  Extractor, Evolution Chamber, Drone  
  97  5:49  Hatchery  
  95  5:50  Drone  
  95  5:51  Baneling Nest, Evolution Chamber  
  95  5:53  Queen, Extractor, Drone  
  95  5:54  Extractor  
  95  5:56  Drone x3  
  98  6:00  Overlord  
  98  6:02  Drone x2  
  100  6:04  Extractor  
  100  6:10  Zergling x6  
  100  6:11  Zergling x2  
  103  6:13  Overlord  
  103  6:18  Zerg Melee Weapons Level 1  
  103  6:24  Drone x2  
  105  6:27  Hydralisk Den, Drone  
  105  6:30  Spore Crawler, Centrifugal Hooks  
  105  6:31  Drone  
  105  6:32  Drone x4  
  109  6:33  Drone  
  109  6:35  Zergling x4  
  109  6:38  Zerg Missile Weapons Level 1  
  111  6:40  Baneling x3  
  111  6:41  Baneling x4  
  111  6:45  Zergling x6  
  114  6:49  Zergling x6  
  114  6:51  Zergling x2  
  114  6:52  Overlord  
  114  6:53  Muscular Augments  
  117  6:54  Zergling x2  
  117  6:55  Zergling x2  
  117  6:57  Overlord  
  119  7:04  Hydralisk  
  119  7:05  Hydralisk x6  
  132  7:11  Hydralisk  
  132  7:14  Baneling x5  
  127  7:17  Hydralisk x3  
  127  7:18  Zergling x6  
  129  7:24  Overlord  
  129  7:26  Hydralisk  
  129  7:29  Overseer  
  131  7:34  Hydralisk x2  
  131  7:36  Overlord  
  135  7:38  Zergling x2  
  135  7:39  Overlord  
  135  7:42  Hydralisk x4  
  135  7:43  Zergling x2, Queen  
  138  7:46  Overlord  
  127  7:53  Hydralisk x2  
  127  7:54  Zergling x4  
  127  7:57  Baneling x5  
  127  8:00  Zergling x4  
  127  8:04  Zergling x2, Hydralisk  
  127  8:05  Queen  
  129  8:07  Hydralisk  
  116  8:13  Hydralisk x2  
  116  8:17  Hydralisk x2  
  116  8:18  Zergling x6  
  125  8:21  Hydralisk  
  125  8:22  Overseer  
  125  8:23  Hydralisk  
  125  8:26  Hydralisk  
  117  8:30  Hydralisk  
  117  8:32  Zergling x2  
  109  8:36  Hydralisk  
  109  8:37  Queen  
  109  8:39  Hydralisk x2  
  113  8:44  Zergling x2  
  113  8:46  Zergling x14  
  121  8:49  Baneling x6  
  121  8:51  Zergling x2  
  121  8:54  Hatchery  
  121  8:55  Zergling x2, Hydralisk x2  
  121  8:59  Hydralisk  
  121  9:00  Zergling x6  
  123  9:05  Zergling x2  
  123  9:06  Zergling x2  
  123  9:09  Hydralisk x2  
  127  9:15  Zergling x6, Hydralisk x3  
  127  9:16  Zergling x2  
  130  9:17  Drone  
  130  9:19  Drone  
  129  9:28  Drone x5  
  129  9:29  Spore Crawler  
  129  9:30  Overlord  
  133  9:32  Zerg Missile Weapons Level 2  
  133  9:34  Zerg Melee Weapons Level 2  
  133  9:45  Baneling  
  133  9:46  Zergling x6, Baneling x3  
  133  9:47  Overlord x4  
  136  9:55  Hydralisk x2  
  136  9:56  Zergling x4  
  136  9:58  Overlord  
  140  10:06  Zergling x12  
  140  10:07  Queen  
  140  10:12  Zergling x4  
  140  10:13  Hydralisk x2  
  134  10:15  Queen  
  134  10:17  Drone x3  
  139  10:26  Drone x5  
  139  10:27  Drone x2  
  146  10:32  Drone x3  
  146  10:33  Drone  
  146  10:34  Hydralisk  
  146  10:35  Infestation Pit  
  151  10:37  Baneling x6  
  151  10:42  Zergling x8  
  153  10:44  Baneling x4  
  153  10:45  Queen, Baneling  
  153  10:49  Zergling x4, Spore Crawler  
  156  10:51  Zergling x10  
  161  11:01  Zergling x14  
  167  11:08  Zergling x2, Hydralisk  
  167  11:10  Queen, Overlord x2  
  172  11:17  Baneling x2  
  172  11:21  Zergling x10, Hatchery  
  172  11:22  Zergling x6  
  172  11:25  Overlord  
  172  11:40  Zergling x2  
  172  11:41  Zergling x16  
Tags
 
Add a new tag
Caveats
  • Supply blocks, unpowered buildings, or Contaminate may cause inaccurate times.
  • Supply counts are checked every 10 seconds.